 Dungeon Crawl Stone Soup version 0.25-a0-665-ga69d64035b (webtiles) character file.

Game seed: 12276571159065030634, levelgen mode: deterministic

236 sanka the Skirmisher (level 6, -2/52 (53) HPs)
             Began as a Ghoul Assassin on Mar 26, 2020.
             Slain by a gnoll
             ... wielding a +0 whip
              (3 damage)
             ... on level 3 of the Dungeon.
             The game lasted 00:08:06 (3260 turns).

sanka the Skirmisher (Ghoul Assassin)               Turns: 3260, Time: 00:08:06

HP:   -2/52 (53)    AC:  2    Str: 17    XL:     6   Next: 6%
MP:   0/5           EV: 11    Int:  6    God:
Gold: 125           SH:  0    Dex: 10    Spells: 5/5 levels left

rFire    . . .     SeeInvis .   r - staff of poison (curse)
rCold    + + .     Gourm    .   (no shield)
rNeg     + + +     Faith    +   b - +0 robe
rPois    ∞         Spirit   +   (no helmet)
rElec    .         Reflect  .   l - scarf {Spirit}
rCorr    .         Harm     .   (no gloves)
MR       .....                  (no boots)
Stlth    ++........             h - amulet of faith
HPRegen  0.00/turn              j - ring of protection from cold
MPRegen  0.09/turn              (no ring)

@: rotting
A: rotting body, claws 1, carnivore, cold resistance 1, negative energy
resistance 3, inhibited regeneration, torment resistance, unbreathing
a: no special abilities


You were on level 3 of the Dungeon.
You were not hungry.

You visited 1 branch of the dungeon, and saw 3 of its levels.

You collected 125 gold pieces.


Innate Abilities, Weirdness & Mutations

Your body is rotting away.
You thrive on raw meat.
You are immune to poison.
You have sharp fingernails.
You are carnivorous and can eat meat at any time.
Your flesh is cold resistant. (rC+)
You are immune to negative energy. (rN+++)
You do not regenerate when monsters are visible.
You are immune to unholy pain and torment.
You can survive without breathing.


   Skills:
 + Level 4.6 Fighting
 - Level 1.7 Short Blades
 * Level 1.6 Staves
 + Level 3.8 Throwing
 - Level 0.8 Dodging
 - Level 4.3 Stealth


You had 5 spell levels left.
You didn't know any spells.
Your spell library was empty.

Inventory:

Hand Weapons
 a - a +2 dagger
 m - a +0 dagger of venom
 q - a +0 lajatang
Missiles
 d - 7 poisoned darts (quivered)
 e - 2 curare-tipped darts {=f}
 o - 137 stones
Armour
 b - a +0 robe (worn)
 c - a +0 cloak
 l - a scarf of spirit shield (worn)
Magical Staves
 r - a cursed staff of poison (weapon)
Jewellery
 h - an amulet of faith (around neck)
 i - a cursed +2 ring of slaying
 j - a ring of protection from cold (left claw)
 p - an uncursed ring of ice
Scrolls
 s - a scroll of magic mapping
Potions
 k - a potion of might {unknown}
 n - a potion of magic
Comestibles
 f - 6 rations

Dungeon Overview and Level Annotations

Branches:
Dungeon (3/15)

Altars:
Cheibriados
Uskayaw

▒........+ ._▒ ..▒
▒........▒ ▒.▒ ..
▒........▒ ▒.▒ .▒▒▒
▒........▒▒▒'▒▒▒...▒
▒................▒..▒▒▒
▒...............▒▒▒...▒▒
▒...)............▒▒▒▒...
▒▒.▒▒▒▒▒▒▒.▒▒▒▒.........
▒.▒▒▒.n...▒▒ ▒.........
▒.▒▒..g....▒▒▒.........
▒.▒...g.....▒▒.........
▒.▒.........▒▒.........
▒.▒........)▒▒▒▒▒▒.▒▒▒▒
▒.▒..(......▒▒▒▒▒▒.....
▒.▒..>..).....((((.....
▒.▒▒.........▒▒▒▒▒▒▒▒▒▒
▒.▒.....▒▒▒▒▒▒


You could see 2 gnolls.


Message History

The gnoll is moderately wounded.
The gnoll closely misses you.
You hit the gnoll.
The gnoll is heavily wounded.
The gnoll hits you with a +0 whip!
* * * LOW HITPOINT WARNING * * *
You closely miss the gnoll.
The gnoll is heavily wounded.
The gnoll completely misses you.
The gnoll hits you from afar with a +0 halberd!
* * * LOW HITPOINT WARNING * * *
You hit the gnoll.
The gnoll is severely wounded.
The gnoll barely misses you. The gnoll closely misses you.
There is a stone staircase leading down here.
Throwing (i - inventory. (/) - cycle)
d - 8 poisoned darts (quivered)
Aim: a gnoll, wielding a +0 whip (severely wounded)
You throw a poisoned dart. The poisoned dart hits the gnoll!
The gnoll is poisoned.
The gnoll is severely wounded.
Unknown command.
The gnoll barely misses you. The gnoll hits you with a +0 whip!
* * * LOW HITPOINT WARNING * * *
The gnoll hits you from afar with a +0 halberd!
* * * LOW HITPOINT WARNING * * *
The gnoll hits you with a +0 whip.
You die...

Action                   |  1- 3 |  4- 6 || total
-------------------------+-------+-------++-------
Melee: Dagger            |    83 |       ||    83
       Staff             |    38 |   206 ||   244
Throw: Dart              |       |    18 ||    18
       Stone             |       |     4 ||     4
  Use: Scroll            |     5 |       ||     5
       Potion            |       |     2 ||     2
 Stab: Sleeping          |     6 |       ||     6
       Distracted        |       |     1 ||     1
  Eat: Chunk             |     6 |    23 ||    29
Armor: Robe              |    39 |    42 ||    81
Dodge: Dodged            |    70 |   144 ||   214

Levels and vault maps discovered:
D:1:      nzn_arrival_crosshair, layout_basic
D:2:      layout_loops_cross, nrook_uturn, chequers_serial_rivers_micro_b
D:3:      layout_rooms, nicolae_overflow_hidden_temple, lemuel_doored_altar,
          first_ration, serial_bayou_pond_e, corexii_hall_statues_t

Notes
Turn   | Place    | Note
-------+----------+-------------------------------------------
     0 | D:1      | sanka the Ghoul Assassin began the quest for the Orb.
     0 | D:1      | Reached XP level 1. HP: 17/17 MP: 0/0
    42 | D:1      | Reached skill level 2 in Throwing
   229 | D:1      | Reached XP level 2. HP: 24/25 MP: 1/1
  1049 | D:2      | Reached skill level 3 in Fighting
  1056 | D:2      | Reached XP level 3. HP: 31/31 MP: 2/2
  1688 | D:3      | Reached skill level 3 in Throwing
  1688 | D:3      | Reached XP level 4. HP: 21/39 MP: 3/3
  1960 | D:3      | Found a hide-covered altar of Uskayaw.
  2305 | D:3      | Noticed a gnoll sergeant
  2324 | D:3      | Reached skill level 4 in Fighting
  2346 | D:3      | Found a snail-covered altar of Cheibriados.
  2511 | D:2      | Reached XP level 5. HP: 33/45 MP: 4/4
  2952 | D:3      | HP: 2/47 [worm (7)]
  3227 | D:3      | Reached skill level 1 in Staves
  3227 | D:3      | Reached XP level 6. HP: 41/52 MP: 3/5
  3258 | D:3      | HP: 1/52 [gnoll/+0 halberd (6)]
  3260 | D:3      | Slain by a gnoll

Vanquished Creatures
  A gnoll sergeant (D:3)
  An orc wizard (D:3)
  6 adders
  A gnoll (D:2)
  An ooze (D:3)
  2 worms (D:3)
  A leopard gecko (D:3)
  6 orcs
  8 bats
  2 giant cockroaches
  11 goblins
  5 hobgoblins
  6 jackals
  5 kobolds
  A quokka (D:3)
  A ball python (D:1)
  3 frilled lizards
  8 rats
69 creatures vanquished.
